 Dungeon Crawl Stone Soup version 0.25-a0-310-g60f0ac2d9a (webtiles) character file.

Game seed: 256898637595131017, levelgen mode: classic

19039 Borgoz the Cleaver (level 12, -7/110 HPs)
             Began as a Hill Orc Fighter on Dec 23, 2019.
             Was a Follower of Ashenzari.
             Mangled by a storm dragon simulacrum (32 damage)
             ... on level 1 of the Abyss.
             The game lasted 00:24:39 (15798 turns).

Borgoz the Cleaver (Hill Orc Fighter)              Turns: 15798, Time: 00:24:39

Health: -7/110     AC: 26    Str: 20    XL:     12   Next: 64%
Magic:  16/16      EV: 10    Int: 13    God:    Ashenzari [*.....]
Gold:   904        SH: 11    Dex: 14    Spells: 11/11 levels left

rFire    + + .     SeeInvis +   a - +0 war axe (curse)
rCold    . . .     Gourm    .   c - +0 shield
rNeg     . . .     Faith    .   D - +12 chain mail of a ziggurat {Int+7} (curse)
rPois    +         Spirit   .   O - +0 helmet of the Swamp {rPois rF++ Regen+ Int-2} (curse)
rElec    .         Reflect  .   (no cloak)
rCorr    +         Harm     .   (no gloves)
MR       .....                  E - +0 pair of boots
Stlth    ..........             l - amulet of rage (curse)
HPRegen  0.68/turn              J - ring of resist corrosion
MPRegen  0.15/turn              M - ring of see invisible

@: no status effects
A: no striking features
a: Curse Item, Scrying, Renounce Religion, Evoke Berserk Rage


You were on level 1 of the Abyss.
You worshipped Ashenzari.
Ashenzari was aware of your devotion.
You were not hungry.

You visited 4 branches of the dungeon, and saw 17 of its levels.
You visited the Abyss 1 time.
You also visited: Ossuary.

You collected 904 gold pieces.

Inventory:

Hand Weapons
 a - a cursed +0 war axe (weapon)
Missiles
 P - a throwing net (quivered)
Armour
 c - a +0 shield (worn)
 g - a +2 ring mail of cold resistance
 D - the cursed +12 chain mail of a ziggurat (worn) {Int+7}
   (You found it on level 7 of the Dungeon)

   It affects your intelligence (+7).
   It has a curse placed upon it.
 E - a +0 pair of boots (worn)
 O - the cursed +0 helmet of the Swamp (worn) {rPois rF++ Regen+ Int-2}
   (You found it on level 12 of the Dungeon)

   It affects your intelligence (-2).
   It greatly protects you from fire.
   It protects you from poison.
   It increases your rate of regeneration.
   It has a curse placed upon it.
Jewellery
 k - an uncursed ring of fire
 l - a cursed amulet of rage (around neck)
 H - an uncursed ring of protection from fire
 J - a ring of resist corrosion (left hand)
 M - a ring of see invisible (right hand)
 N - an uncursed ring of ice
Wands
 B - a wand of enslavement (7)
 I - a wand of flame (16)
 K - a wand of digging (13)
 Q - a wand of paralysis (7)
Scrolls
 b - 3 scrolls of noise {unknown}
 h - 5 scrolls of teleportation
 i - 8 scrolls of remove curse
 n - 3 scrolls of enchant weapon {unknown}
 o - 4 scrolls of amnesia {unknown}
 r - 5 scrolls of fear {unknown}
 t - 2 scrolls of blinking {unknown}
 y - a scroll of fog
 z - 2 scrolls of immolation {unknown}
 A - 2 scrolls of magic mapping
 F - a scroll of enchant armour
Potions
 e - a potion of mutation
 m - 6 potions of curing
 p - 2 potions of cancellation
 q - a potion of lignification
 s - 2 potions of ambrosia
 u - 2 potions of berserk rage
 v - 2 potions of heal wounds
 w - a potion of brilliance
 x - a potion of magic
 C - 2 potions of haste
 G - 2 potions of flight
 L - 2 potions of agility
Comestibles
 f - 23 rations
 j - 4 chunks of flesh


   Skills:
 * Level 11.4 Fighting
 * Level 12.1 Axes
 * Level 10.6 Armour
 * Level 7.7 Dodging
 + Level 7.8 Shields
 + Level 6.3 Evocations


You had 11 spell levels left.
You didn't know any spells.
Your spell library contained the following spells:

 Spells                   Type           Power        Failure   Level  Hunger
 Animate Skeleton         Necr           N/A          99%         1    ##.....
 Apportation              Tloc           #.....       99%         1    ##.....
 Confusing Touch          Hex            #.....       99%         1    ##.....
 Summon Small Mammal      Summ           #...         99%         1    ##.....


Dungeon Overview and Level Annotations

Branches:
Dungeon (13/15)            Temple (1/1) D:4            Lair (2/6) D:9
    Orc (1/2) D:10        Ossuary (visited)
  Swamp: Lair:2-4    Shoals: Lair:2-4     Snake: Lair:2-4    Spider: Lair:2-4
 Vaults: D:13-14

Altars:
Ashenzari
Cheibriados
Dithmenos
Elyvilon
Fedhas
Gozag
Hepliaklqana
Kikubaaqudgha
Makhleb
Nemelex Xobeh
Okawaru
Qazlal
Ru
Sif Muna
Trog
Uskayaw
Vehumet
Wu Jian
Xom
Yredelemnul
Zin
The Shining One
Beogh

Annotations:
D:9 Blork the orc
D:13 Nessos, Rupert
Orc:1 Josephine, Sonja


Message History

You barely miss the storm dragon simulacrum.
The storm dragon simulacrum is lightly damaged.
The storm dragon simulacrum closely misses you.
The storm dragon simulacrum barely misses you.
You block the storm dragon simulacrum's attack.
You slice the storm dragon simulacrum!!
The storm dragon simulacrum is severely damaged.
The storm dragon simulacrum closely misses you.
The storm dragon simulacrum claws you.
The storm dragon simulacrum freezes you!!!
You block the storm dragon simulacrum's attack.
You hit the storm dragon simulacrum.
The storm dragon simulacrum is almost destroyed.
The storm dragon simulacrum bites you.
The storm dragon simulacrum freezes you!!!
* * * LOW HITPOINT WARNING * * *
The storm dragon simulacrum claws you.
* * * LOW HITPOINT WARNING * * *
The storm dragon simulacrum freezes you!!
You die...

###.
##...
...#..#.
..#..
#..# #.#
##
##.####.#
..#.#.#
###.#Z.#
##@.#
#.## ##.
#. ##


You could see a storm dragon simulacrum.

Vanquished Creatures
  Harold (Orc:1)
  Fannar (Lair:1)
  A centaur warrior (D:11)
  3 two-headed ogres
  A manticore (D:11)
  A cyclops (D:11)
  A spiny frog (Lair:1)
  A gargoyle (D:12)
  A kobold demonologist (D:11)
  3 komodo dragons
  2 trolls
  2 hippogriffs
  4 flying skulls
  A vampire (D:13)
  A wyvern (D:11)
  A wraith (D:12)
  11 yaks
  A basilisk (D:12)
  A soldier ant (D:12)
  A water moccasin (Lair:1)
  2 porcupines (D:13)
  4 ice beasts
  7 orc warriors
  3 sky beasts
  An eye of draining (D:11)
  5 ogres
  3 necrophages (D:12)
  2 phantoms
  11 centaurs
  A crocodile (Lair:1)
  2 elf zombies (Ossuary)
  5 big kobolds
  9 bullfrogs
  A wyvern zombie (D:11)
  4 scorpions
  2 water moccasin skeletons
  6 killer bees (D:10)
  10 wights
  2 howler monkeys
  3 crimson imps
  6 hounds
  2 bullfrog zombies
  4 jellies
  2 centaur zombies
  2 human zombies (Ossuary)
  8 orc priests
  4 bullfrog skeletons
  6 centaur skeletons
  4 iguanas
  16 orc wizards
  A hell rat (D:13)
  16 worker ants
  A big kobold zombie (Ossuary)
  3 mummies (Ossuary)
  2 hound zombies
  2 hound skeletons
  13 adders
  6 gnolls
  2 river rats (D:13)
  4 shadow imps
  An ufetubus (Abyss:1)
  6 oozes (D:1)
  5 adder zombies
  4 worms
  4 dart slugs
  9 leopard geckos
  60 orcs
  11 giant cockroaches
  10 goblins
  11 hobgoblins
  21 jackals
  17 kobolds
  4 quokkas
  10 bats
  6 frilled lizards
  3 gnoll zombies (Ossuary)
  6 goblin zombies (Ossuary)
  8 hobgoblin zombies (Ossuary)
  A jackal zombie (Ossuary)
  4 kobold zombies (Ossuary)
  A quokka skeleton (D:4)
  2 quokka zombies
  10 rats
  5 rat zombies
  11 plants (D:9)
456 creatures vanquished.

Vanquished Creatures (others)
  A human (D:8)
  A quokka (D:6)
  2 plants (D:9)
4 creatures vanquished.

Grand Total: 460 creatures vanquished

Notes
Turn   | Place    | Note
-------+----------+-------------------------------------------
     0 | D:1      | Borgoz the Hill Orc Fighter began the quest for the Orb.
     0 | D:1      | Reached XP level 1. HP: 19/19 MP: 1/1
     1 | D:1      | Found a runed translucent door.
    96 | D:1      | Reached XP level 2. HP: 27/27 MP: 2/2
   135 | D:1      | Reached skill level 3 in Axes
   335 | D:1      | Reached XP level 3. HP: 33/33 MP: 3/3
   933 | D:2      | Noticed a sky beast
   950 | D:2      | Killed a sky beast
   950 | D:2      | Reached skill level 1 in Dodging
   950 | D:2      | Reached XP level 4. HP: 32/41 MP: 4/4
   950 | D:2      | Reached XP level 5. HP: 37/47 MP: 5/5
  1054 | D:2      | Reached skill level 4 in Axes
  1148 | D:2      | Reached skill level 1 in Evocations
  1555 | D:2      | Reached XP level 6. HP: 53/53 MP: 7/7
  2257 | D:3      | Found a glowing golden altar of the Shining One.
  2388 | D:4      | Found a sand-covered staircase.
  2409 | Ossuary  | Entered an ossuary
  2520 | Ossuary  | Reached skill level 5 in Fighting
  2551 | Ossuary  | Reached skill level 5 in Axes
  2551 | Ossuary  | Reached XP level 7. HP: 20/61 MP: 8/8
  2806 | Ossuary  | Reached skill level 5 in Armour
  3265 | D:4      | Found a staircase to the Ecumenical Temple.
  3643 | D:4      | Reached XP level 8. HP: 61/70 MP: 9/9
  3812 | D:4      | Reached skill level 6 in Axes
  4005 | D:5      | Entered Level 5 of the Dungeon
  4711 | D:5      | Found a hazy altar of Hepliaklqana.
  4818 | D:5      | Found a burning altar of Makhleb.
  4818 | D:5      | Noticed a green death
  4821 | D:5      | Noticed a ynoxinul
  5129 | D:6      | Found a snail-covered altar of Cheibriados.
  5174 | D:6      | Reached skill level 7 in Axes
  5970 | D:6      | Reached skill level 5 in Shields
  5970 | D:6      | Reached XP level 9. HP: 55/78 MP: 11/11
  6211 | D:6      | Found a white marble altar of Elyvilon.
  6959 | D:7      | Got a smoking chain mail
  6970 | D:7      | Identified the +12 chain mail of a ziggurat {Int+7} (You
                  | found it on level 7 of the Dungeon)
  7313 | D:7      | Found an ornate altar of the Wu Jian Council.
  7313 | D:7      | Found a basalt altar of Yredelemnul.
  7371 | D:7      | Reached skill level 8 in Axes
  7481 | D:7      | Found a shadowy altar of Dithmenos.
  7499 | D:7      | Found a stormy altar of Qazlal.
  8316 | D:8      | Found an ancient bone altar of Kikubaaqudgha.
  8537 | D:9      | Reached XP level 10. HP: 83/88 MP: 13/13
  8605 | D:9      | Found a sparkling altar of Nemelex Xobeh.
  8624 | D:9      | Reached skill level 5 in Dodging
  8942 | D:9      | Noticed Blork the orc
  8949 | D:9      | Found a shimmering blue altar of Sif Muna.
  9101 | D:9      | Found a staircase to the Lair.
  9137 | D:9      | Reached skill level 9 in Axes
  9588 | D:10     | Entered Level 10 of the Dungeon
 10086 | D:10     | Noticed a two-headed ogre
 10119 | D:10     | Killed a two-headed ogre
 10482 | D:10     | Reached skill level 10 in Axes
 10533 | D:10     | Reached XP level 11. HP: 48/97 MP: 14/14
 10544 | D:10     | Found a staircase to the Orcish Mines.
 10774 | Temple   | Entered the Ecumenical Temple
 10835 | Temple   | Became a worshipper of Ashenzari the Shackled
 11148 | D:10     | Reached skill level 5 in Evocations
 11464 | D:11     | Noticed a cyclops
 11464 | D:11     | Noticed a two-headed ogre
 11475 | D:11     | Killed a two-headed ogre
 11490 | D:11     | Killed a cyclops
 11858 | D:11     | Reached skill level 10 in Fighting
 12278 | D:11     | Noticed a centaur warrior
 12299 | D:11     | Killed a centaur warrior
 12587 | D:11     | Reached skill level 11 in Axes
 12866 | D:11     | Noticed a two-headed ogre
 12884 | D:11     | Killed a two-headed ogre
 12913 | D:11     | Noticed a manticore
 12921 | D:11     | Killed a manticore
 13343 | D:12     | Reached XP level 12. HP: 108/108 MP: 16/16
 13402 | D:12     | Reached skill level 10 in Armour
 13446 | D:12     | Got the uncursed helmet of the Swamp {rPois rF++ Regen+
                  | Int-2}
 13457 | D:12     | Identified the +0 helmet of the Swamp {rPois rF++ Regen+
                  | Int-2} (You found it on level 12 of the Dungeon)
 14211 | D:13     | Noticed a four-headed hydra
 14253 | D:13     | HP: 5/110 [flying skull (2)]
 14288 | D:13     | Noticed Rupert
 14294 | D:13     | Noticed Nessos
 14551 | Lair:1   | Entered Level 1 of the Lair of Beasts
 14566 | Lair:1   | Reached * piety under Ashenzari
 14852 | Lair:1   | Found a bloodstained altar of Trog.
 15008 | Lair:1   | Noticed Fannar
 15056 | Lair:1   | Killed Fannar
 15056 | Lair:1   | Reached skill level 12 in Axes
 15331 | Lair:2   | Noticed a five-headed hydra
 15438 | Orc:1    | Entered Level 1 of the Orcish Mines
 15439 | Orc:1    | Found a roughly hewn altar of Beogh.
 15439 | Orc:1    | Noticed Harold
 15473 | Orc:1    | Killed Harold
 15626 | Orc:1    | Noticed Sonja
 15637 | Orc:1    | Noticed Josephine
 15672 | Orc:1    | Cast into level 1 of the Abyss (Sonja)
 15798 | Abyss:1  | Mangled by a storm dragon simulacrum

Levels and vault maps discovered:
D:1:      dpeg_arrival_caged_fury, layout_basic
D:2:      layout_rooms, corexii_shack
D:3:      layout_rooms, tso_metal_star, first_ration, palyth_stone_intersect
D:4:      layout_cave_pods, temple_statues, enter_ossuary_4
D:5:      layout_loops_cross, makhleb_altar_promises_db, basic_altar
D:6:      layout_loops_corners, elyvilon_altar_4, kennysheep_slug_shrine
D:7:      layout_basic, grunt_dithmenos_smoke, gammafunk_temple_overflow_pools,
          nicolae_qazlal_style_of_elements
D:8:      layout_loops_ring, tgw_kikubaaqudgha
D:9:      layout_rooms, nemelex_xobeh_ov_fountains_minmay, tgw_sif,
          david_lair_shrubbed
D:10:     layout_small_grid, hiddenorc2_lemuel
D:11:     layout_loops_ring
D:12:     layout_irregular_city, nicolae_sextant
D:13:     lemuel_vampire_tower, layout_basic, uniq_nessos, uniq_rupert
Temple:   cyrus_circular_temple
Lair:1:   layout_long_grid, basic_altar, chequers_serial_rivers_room_a,
          infiniplex_staircase_pool, uniq_fannar
Lair:2:   layout_small_grid, beast_lair_carwin_10, grunt_megastairs_5,
          lemuel_fruit_fields
Orc:1:    layout_caves, basic_altar, uniq_harold, uniq_josephine, uniq_sonja
Abyss:1:  base:
Orc:1

Skill      XL: |  1  2  3  4  5  6  7  8  9 10 11 12 |
---------------+-------------------------------------+-----
Axes           | 3 4 5 7 8 10 11 12 | 12.1
Fighting       | 4 5 6 8 9 10 11 | 11.4
Armour         | 4 5 6 7 8 9 10 | 10.6
Dodging        | 1 2 3 4 6 7 |  7.7
Evocations     | 1 2 3 4 5 6 |  6.3
Shields        | 4 5 6 7 |  7.8

Action                   |  1- 3 |  4- 6 |  7- 9 | 10-12 || total
-------------------------+-------+-------+-------+-------++-------
Melee: War axe           |    87 |   225 |   546 |  1005 ||  1863
Invok: Curse Item        |       |       |       |     4 ||     4
 Abil: Evoke Berserk Rag |       |     1 |     2 |     8 ||    11
Evoke: Wand              |       |       |       |     2 ||     2
  Use: Scroll            |       |       |    14 |    10 ||    24
       Potion            |       |       |       |     6 ||     6
  Eat: Chunk             |       |     6 |    19 |    29 ||    54
       Ration            |       |       |     1 |     1 ||     2
Armor: Scale mail        |    53 |   121 |   123 |       ||   297
       Chain mail        |       |       |    82 |   637 ||   719
Dodge: Dodged            |    30 |    64 |   165 |   418 ||   677
Block: Shield            |    42 |    95 |   279 |   601 ||  1017

Table legend:
 A = Non-vault XP
 B = Vault XP
 C = Vault XP percentage of total XP
 D = Non-vault monster count
 E = Vault monster count
 F = Vault count percentage of total count
                 A         B        C        D         E       F
            +---------+---------+-------+---------+---------+-------
      Total |   22208 |    4991 |  18.3 |     334 |     111 |  24.9
            +---------+---------+-------+---------+---------+-------
        D:1 |      48 |      60 |  55.6 |      28 |      17 |  37.8
        D:2 |     281 |       2 |   0.7 |      27 |       1 |   3.6
        D:3 |      77 |       0 |   0.0 |      16 |       0 |   0.0
        D:4 |     423 |       2 |   0.5 |      14 |       2 |  12.5
        D:5 |     528 |       0 |   0.0 |      22 |       0 |   0.0
        D:6 |    1039 |       4 |   0.4 |      22 |       1 |   4.3
        D:7 |     682 |       0 |   0.0 |      16 |       0 |   0.0
        D:8 |     838 |       0 |   0.0 |      17 |       0 |   0.0
        D:9 |    1097 |     350 |  24.2 |      25 |       1 |   3.8
       D:10 |    3522 |     413 |  10.5 |      43 |      32 |  42.7
       D:11 |    8135 |       0 |   0.0 |      55 |       0 |   0.0
       D:12 |    2918 |     223 |   7.1 |      25 |       1 |   3.8
       D:13 |     428 |    1253 |  74.5 |       2 |      13 |  86.7
     Lair:1 |    1722 |    1197 |  41.0 |       7 |       2 |  22.2
      Orc:1 |     462 |    1013 |  68.7 |      14 |       1 |   6.7
    Abyss:1 |       8 |       0 |   0.0 |       1 |       0 |   0.0
    Ossuary |       0 |     474 | 100.0 |       0 |      40 | 100.0
            +---------+---------+-------+---------+---------+-------
